 Dungeon Crawl Stone Soup version 0.26.1-12-g5ba1501909 (webtiles) character file.

Game seed: 16308288814681626536

732 fullpower the Cleaver (level 7, 64/64 HPs)
             Began as a Minotaur Fighter on Jan 1, 2022.
             Was an Initiate of Uskayaw.
             Quit the game in the Ecumenical Temple.
             The game lasted 00:02:25 (3701 turns).

fullpower the Cleaver (Minotaur Fighter)            Turns: 3701, Time: 00:02:25

Health: 64/64      AC:  9    Str: 23    XL:     7   Next: 45%
Magic:  6/6        EV:  5    Int:  5    God:    Uskayaw [......]
Gold:   191        SH:  9    Dex:  9    Spells: 6/6 levels left

rFire    . . .     SeeInvis .   a - +0 war axe
rCold    . . .     Faith    +   c - +0 kite shield
rNeg     . . .     Spirit   .   w - +0 chain mail
rPois    +         Reflect  .   (helmet restricted)
rElec    .         Harm     .   (no cloak)
rCorr    .         Rampage  .   (no gloves)
Will     .....                  (no boots)
Stlth    ..........             i - amulet of faith
HPRegen  0.20/turn              d - ring of poison resistance
MPRegen  0.10/turn              (no ring)

@: no status effects
A: retaliatory headbutt, horns 2
a: Renounce Religion


You were in the Ecumenical Temple.
You worshipped Uskayaw.
Uskayaw was noncommittal.
You visited 2 branches of the dungeon, and saw 6 of its levels.

You collected 191 gold pieces.

Inventory:

Hand Weapons
 a - a +0 war axe (weapon)
Armour
 b - a +0 scale mail
 c - a +0 kite shield (worn)
 w - a +0 chain mail (worn)
   (You found it on level 4 of the Dungeon)
Jewellery
 d - a ring of poison resistance (left hand)
   (You found it on level 3 of the Dungeon)
 i - an amulet of faith (around neck)
   (You found it on level 1 of the Dungeon)
Wands
 h - a wand of flame (20) {@v4}
   (You found it on level 4 of the Dungeon)
Scrolls
 e - 2 scrolls of teleportation {unknown}
 j - 2 scrolls of random uselessness {unknown}
 k - a scroll of enchant weapon {unknown}
 m - 5 scrolls of remove curse {unknown}
 n - 3 scrolls of amnesia {unknown}
 q - a scroll of fear {unknown}
 s - a scroll of noise {unknown}
 t - a scroll of identify {@r1}
Potions
 f - a potion of heal wounds {@q2 !q}
 g - a potion of curing {@q1 !q}
 l - 2 potions of attraction
 o - a potion of invisibility
 p - a potion of flight
 r - a potion of cancellation {unknown}
 u - a potion of lignification {unknown}
 v - 2 potions of magic {unknown}


   Skills:
 + Level 6.7 Fighting
 * Level 8.5 Axes
 - Level 3.6 Armour
 - Level 3.6 Shields


You had 6 spell levels left.
You didn't know any spells.
Your spell library was empty.

Dungeon Overview and Level Annotations

Branches:
Dungeon (5/15)             Temple (1/1) D:5

Altars:
Cheibriados
Elyvilon
Kikubaaqudgha
Makhleb
Nemelex Xobeh
Okawaru
Qazlal
Sif Muna
Uskayaw
Xom
Yredelemnul
Zin
The Shining One


Innate Abilities, Weirdness & Mutations

You reflexively headbutt those who attack you in melee.
You have a pair of horns on your head.


Message History

The worker ant bites you.
You completely miss the worker ant. You headbutt the worker ant.
The worker ant is moderately wounded.
The worker ant bites you but does no damage.
The worker ant barely misses you.
You slash the worker ant!
You kill the worker ant!
Qazlal accepts your kill.
You can now call upon nature to destroy your foes.
No target in view!
No target in view!
No target in view!
No target in view!
No target in view!
No target in view!
No target in view!
HP restored.
Found a ring mail.
An ogre comes into view. It is wielding a +0 giant club.
The ogre shouts!
An ogre is nearby!
An ogre is nearby!
An ogre is nearby!
You barely miss the ogre. The ogre hits you with a +0 giant club!
You hit the ogre.
The ogre is moderately wounded.
You block the ogre's attack.
You slash the ogre! Your headbutt misses the ogre.
The ogre is severely wounded.
The ogre hits you with a +0 giant club!
You are too injured to fight recklessly!
You are too injured to fight recklessly!
You are too injured to fight recklessly!
You are too injured to fight recklessly!
You are too injured to fight recklessly!
You are too injured to fight recklessly!
You are too injured to fight recklessly!
You are too injured to fight recklessly!
You are too injured to fight recklessly!
You are too injured to fight recklessly!
You are too injured to fight recklessly!
You are too injured to fight recklessly!
You are too injured to fight recklessly!
You are too injured to fight recklessly!
Your shield and chain mail prevent you from hitting the ogre.
The ogre is severely wounded.
You block the ogre's attack.
You hit the ogre. You headbutt the ogre.
The ogre is severely wounded.
The ogre hits you with a +0 giant club.
You slash the ogre!
You kill the ogre!
Qazlal accepts your kill.
You open the door.
A giant cockroach comes into view.
Found a staircase to the Ecumenical Temple.
A giant cockroach is nearby!
A giant cockroach is nearby!
A giant cockroach is nearby!
You block the giant cockroach's attack.
There is an open door here.
You hit the giant cockroach.
Your headbutt misses the giant cockroach.
The giant cockroach is heavily wounded.
You block the giant cockroach's attack.
You hit the giant cockroach.
The giant cockroach is severely wounded.
The giant cockroach bites you but does no damage.
You block the giant cockroach's attack.
You completely miss the giant cockroach.
Your headbutt misses the giant cockroach.
The giant cockroach is severely wounded.
You block the giant cockroach's attack.
You hit the giant cockroach. You headbutt the giant cockroach.
You kill the giant cockroach!
Qazlal accepts your kill.
No target in view!
No target in view!
No target in view!
No target in view!
No target in view!
You see here a giant cockroach corpse.
There is a staircase to the Ecumenical Temple here.
You climb downwards.
Welcome to the Ecumenical Temple!
There is a staircase back to the Dungeon here.
As you open the gate, it creaks loudly!
Found an ancient bone altar of Kikubaaqudgha and a glowing silver altar of Zin.
Found a basalt altar of Yredelemnul and an iron altar of Okawaru.
There is an open gate here.
Found a shimmering altar of Xom.
Found two altars.
There is an ancient bone altar of Kikubaaqudgha here.
Found a hide-covered altar of Uskayaw and a snail-covered altar of Cheibriados.
There is a hide-covered altar of Uskayaw here.
You kneel at the altar of Uskayaw.
You have lost your religion!
Qazlal does not appreciate desertion!
Your storm instantly dissipates.
Uskayaw welcomes you!
Your amulet flashes!
Are you sure you want to abandon this character and quit the game? (Confirm with "yes".)

≈≈≈≈≈≈≈.≈≈≈....≈≈....≈..≈≈≈≈≈≈≈≈≈
≈≈≈≈≈≈................P.≈≈≈≈≈≈≈≈≈
≈≈≈≈≈P....................≈≈≈≈≈≈≈
≈≈≈≈....................P♣.≈≈≈≈≈≈
≈≈≈≈...P....#######♣..P<...♣≈≈≈≈≈
≈≈........###.....###..P.....≈≈≈≈
≈≈......###..._.....###.......≈≈≈
.....♣.##........._...##.....P.≈≈
.......'..._....@..._..#.......≈≈
.......'......._.⌠.....#.......≈≈
≈......'..._........_..#.......≈≈
.......##........._...##.....P≈≈≈
≈.....P.###..._.....### ≈≈......
###.....### ≈≈≈≈.... #######
≈≈≈≈...


There were no monsters in sight!

Vanquished Creatures
  Sigmund (D:3)
  A phantom (D:4)
  An ogre (D:5)
  A hound (D:4)
  A gnoll shaman (D:4)
  A centaur skeleton (D:4)
  An orc wizard (D:4)
  4 worker ants
  3 gnolls (D:4)
  7 adders
  A white imp (D:5)
  A worm (D:2)
  A dart slug (D:2)
  4 leopard geckos
  14 orcs
  7 giant cockroaches
  4 goblins
  11 hobgoblins
  3 jackals (D:3)
  7 kobolds
  2 quokkas
  4 bats
  5 frilled lizards
  4 rats
89 creatures vanquished.

Notes
Turn   | Place    | Note
-------+----------+-------------------------------------------
     0 | D:1      | fullpower the Minotaur Fighter began the quest for the Orb.
     0 | D:1      | Reached XP level 1. HP: 19/19 MP: 0/0
   151 | D:1      | Reached skill level 3 in Axes
   160 | D:1      | Reached XP level 2. HP: 27/27 MP: 1/1
   509 | D:1      | Reached skill level 4 in Fighting
   660 | D:2      | Reached XP level 3. HP: 33/33 MP: 2/2
   665 | D:2      | Found a stormy altar of Qazlal.
   689 | D:2      | Reached skill level 4 in Axes
   836 | D:2      | Became a worshipper of Qazlal Stormbringer
  1119 | D:2      | Found a burning altar of Makhleb.
  1126 | D:2      | Reached XP level 4. HP: 41/41 MP: 3/3
  1390 | D:3      | Reached * piety under Qazlal
  1396 | D:3      | Reached skill level 5 in Axes
  1625 | D:3      | Found a white marble altar of Elyvilon.
  1632 | D:3      | You fall into a shaft and drop 1 floor!
  1655 | D:4      | Found a sparkling altar of Nemelex Xobeh.
  1670 | D:4      | Reached XP level 5. HP: 47/47 MP: 4/4
  1750 | D:3      | Noticed Sigmund
  1764 | D:3      | Killed Sigmund
  1765 | D:3      | Reached skill level 5 in Fighting
  1765 | D:3      | Reached skill level 6 in Axes
  1765 | D:3      | Reached XP level 6. HP: 19/56 MP: 5/5
  2605 | D:4      | Reached skill level 6 in Fighting
  2605 | D:4      | Reached skill level 7 in Axes
  2902 | D:4      | Reached XP level 7. HP: 44/63 MP: 6/6
  3000 | D:4      | Reached ** piety under Qazlal
  3239 | D:4      | Reached skill level 8 in Axes
  3388 | D:5      | Entered Level 5 of the Dungeon
  3644 | D:5      | Found a staircase to the Ecumenical Temple.
  3654 | Temple   | Entered the Ecumenical Temple
  3696 | Temple   | Fell from the grace of Qazlal
  3696 | Temple   | Became a worshipper of Uskayaw the Reveller
  3701 | Temple   | Quit the game

Illustrated notes

Levels and vault maps discovered:
D:1:      heliophobic_arrival_battle_scene, layout_basic,
          chequers_serial_rivers_micro_c, chequers_serial_rivers_micro_a
D:2:      layout_basic, lemuel_round_altar, bloody_makhleb
D:3:      layout_basic, lemuel_crystal_altar, uniq_sigmund
D:4:      layout_loops_ring, nemelex_xobeh_ov_fountains_minmay
D:5:      layout_cave_pools, grunt_gozag_breadcrumbs, minmay_temple_entry_fiery,
          serial_column_ruins, column_ruins_open_small, column_ruins_grid_3,
          column_ruins_grid_2, column_ruins_open_small, column_ruins_open_tiny,
          minmay_misc_feat_encased
Temple:   jpeg_temple_island

Skill      XL: |  1  2  3  4  5  6  7 |
---------------+----------------------+-----
Axes           | 3 4 5 6 7 8 |  8.5
Fighting       | 4 5 6 |  6.7
Armour         | |  3.6
Shields        | |  3.6

Action                   |  1- 3 |  4- 6 |  7- 9 || total
-------------------------+-------+-------+-------++-------
Melee: War axe           |    85 |   114 |    27 ||   226
       Headbutt          |    11 |    18 |     5 ||    34
  Use: Potion            |       |     1 |       ||     1
       Scroll            |       |     5 |       ||     5
Armor: Scale mail        |    21 |    27 |       ||    48
       Chain mail        |       |       |     2 ||     2
Dodge: Dodged            |    24 |    24 |     5 ||    53
Block: Kite shield       |    50 |    61 |    15 ||   126
